TOP OF THE 1ST |
Round Rock Express batting - Pitching for Durham Bulls : RHP Julian Black
|
Pitching: RHP Julian Black
|
|
Batting: LHB Jody Hudson
|
0-0: Ball 1-0: Fly out, F6 (Popup, 6M, EV 53.8 MPH)
|
Batting: RHB Bill Turnbull
|
0-0: Ball 1-0: Ball 2-0: Called Strike 2-1: Ground out 4-3 (Groundball, 4, EV 106.9 MPH)
|
Batting: LHB Josh Stuck
|
0-0: Ball 1-0: Ball 2-0: Foul Ball, location: 2F 2-1: Swinging Strike 2-2: Ball 3-2: Base on Balls
|
Batting: RHB Trevor Mock
|
0-0: Called Strike 0-1: Called Strike Josh Stuck steals 2nd base 0-2: Ball 1-2: Strikes out swinging
|
Top of the 1st over - 0 runs, 0 hits, 0 errors, 1 left on base; Round Rock 0 - Durham 0 |
BOTTOM OF THE 1ST |
Durham Bulls batting - Pitching for Round Rock Express : RHP Andy Zecher
|
Pitching: RHP Andy Zecher
|
|
Batting: RHB Jonathan Fraire
|
0-0: Swinging Strike 0-1: Hit by Pitch
|
Batting: SHB Joey Pacheco
|
0-0: Called Strike 0-1: Ball 1-1: Ball Jonathan Fraire is caught stealing 2nd base 2-6 2-1: Ball 3-1: Base on Balls
|
Batting: RHB David Ward
|
0-0: Ball Joey Pacheco is caught stealing 2nd base 2-4 1-0: Foul Ball, location: 2F 1-1: Foul Ball, location: 2F 1-2: Ground out 6-3 (Groundball, 6, EV 81.9 MPH)
|
Bottom of the 1st over - 0 runs, 0 hits, 0 errors, 0 left on base; Round Rock 0 - Durham 0 |
TOP OF THE 2ND |
Round Rock Express batting - Pitching for Durham Bulls : RHP Julian Black
|
Batting: RHB Mike Quackenbush
|
0-0: Ball 1-0: Swinging Strike 1-1: Fly out, F7 (Flyball, 78S, EV 85.0 MPH)
|
Batting: RHB Martin Guerrero
|
0-0: Ball 1-0: Ball 2-0: Swinging Strike 2-1: Foul Ball, location: 2F 2-2: Foul Ball, location: 2F 2-2: SINGLE (Flyball, 89S, EV 85.6 MPH)
|
Batting: RHB Ivan Colon
|
0-0: Foul Ball, location: 2F 0-1: Called Strike 0-2: Ball 1-2: Ball 2-2: Foul Ball, location: 2F 2-2: Fly out, F9 (Flyball, 9LM, EV 95.0 MPH)
|
Batting: RHB C.J. Sagle
|
0-0: Foul Ball, location: 2F 0-1: Ground out 4-3 (Groundball, 4, EV 103.1 MPH)
|
Top of the 2nd over - 0 runs, 1 hit, 0 errors, 1 left on base; Round Rock 0 - Durham 0 |
BOTTOM OF THE 2ND |
Durham Bulls batting - Pitching for Round Rock Express : RHP Andy Zecher
|
Batting: RHB Alex Diaz
|
0-0: Called Strike 0-1: Ground out 6-3 (Groundball, 6, EV 98.8 MPH)
|
Batting: LHB Davion Lewis
|
0-0: Foul Ball, location: 2F 0-1: Swinging Strike 0-2: Strikes out swinging
|
Batting: RHB Danny Diaz
|
0-0: Called Strike 0-1: Ball 1-1: Called Strike 1-2: Foul Ball, location: 2F 1-2: Foul Ball, location: 2F 1-2: Ground out U3 (Groundball, 3, EV 88.8 MPH)
|
Bottom of the 2nd over - 0 runs, 0 hits, 0 errors, 0 left on base; Round Rock 0 - Durham 0 |
TOP OF THE 3RD |
Round Rock Express batting - Pitching for Durham Bulls : RHP Julian Black
|
Batting: RHB Luis Arce
|
0-0: Swinging Strike 0-1: Foul Ball, location: 2F 0-2: Ball 1-2: Strikes out swinging
|
Batting: LHB Jody Hudson
|
0-0: Ball 1-0: Called Strike 1-1: Ball 2-1: Ball 3-1: Base on Balls
|
Batting: RHB Bill Turnbull
|
0-0: Called Strike Jody Hudson steals 2nd base 0-1: Ball 1-1: Foul Ball, location: 2F 1-2: Ball 2-2: Ball 3-2: Fly out, F4 (Line Drive, 4, EV 66.2 MPH) Lined into DP, 4-6 (Line Drive, 4, EV 68.1 MPH)
|
Top of the 3rd over - 0 runs, 0 hits, 0 errors, 0 left on base; Round Rock 0 - Durham 0 |
BOTTOM OF THE 3RD |
Durham Bulls batting - Pitching for Round Rock Express : RHP Andy Zecher
|
Batting: LHB Jake Rheaume
|
0-0: Ball 1-0: Foul Ball, location: 2F 1-1: Bunt missed! 1-2: Fly out, F9 (Line Drive, 9S, EV 91.9 MPH)
|
Batting: RHB Jose Arriola
|
0-0: Ground out 4-3 (Groundball, 4, EV 88.8 MPH)
|
Batting: RHB Sesto Carpini
|
0-0: Called Strike 0-1: Ball 1-1: Ball 2-1: Ground out U3 (Groundball, 13, EV 85.0 MPH)
|
Bottom of the 3rd over - 0 runs, 0 hits, 0 errors, 0 left on base; Round Rock 0 - Durham 0 |
TOP OF THE 4TH |
Round Rock Express batting - Pitching for Durham Bulls : RHP Julian Black
|
Batting: LHB Josh Stuck
|
0-0: Foul Ball, location: 2F 0-1: SOLO HOME RUN (Flyball, 9LD, EV 95.0 MPH), Distance : 355 ft
|
Batting: RHB Trevor Mock
|
0-0: Called Strike 0-1: Foul Ball, location: 2F 0-2: Foul Ball, location: 2F 0-2: Ball 1-2: Foul Ball, location: 2F 1-2: SINGLE (Groundball, 56S, EV 65.6 MPH) (infield hit)
|
Batting: RHB Mike Quackenbush
|
0-0: Called Strike 0-1: Called Strike 0-2: SINGLE (Line Drive, 89M, EV 96.9 MPH) Trevor Mock to second
|
Batting: RHB Martin Guerrero
|
0-0: Foul Ball, location: 2F 0-1: Ball 1-1: Ball Trevor Mock steals 3rd base Mike Quackenbush to second 2-1: Foul Ball, location: 2F 2-2: Foul Ball, location: 2F 2-2: SINGLE (Groundball, 6S, EV 83.8 MPH) (infield hit) Trevor Mock scores Mike Quackenbush to third
|
Batting: RHB Ivan Colon
|
0-0: Ball 1-0: Reached on error, E5 (Groundball, 56, EV 79.4 MPH) Mike Quackenbush scores Martin Guerrero to second
|
Batting: RHB C.J. Sagle
|
0-0: Ball 1-0: Ball 2-0: Called Strike 2-1: Foul Ball, location: 2F 2-2: Ball 3-2: Base on Balls Martin Guerrero to third Ivan Colon to second
|
Batting: RHB Luis Arce
|
0-0: Called Strike 0-1: Ball 1-1: Swinging Strike 1-2: Strikes out swinging
|
Batting: LHB Jody Hudson
|
0-0: Reached on error, E6 (Groundball, 6M, EV 87.5 MPH) Martin Guerrero scores Ivan Colon to third C.J. Sagle to second
|
Batting: RHB Bill Turnbull
|
0-0: SINGLE (Groundball, 6D, EV 96.9 MPH) Ivan Colon scores C.J. Sagle to third Jody Hudson to second
|
Pitching: RHP Josh McMahan
|
|
Batting: LHB Josh Stuck
|
0-0: Ball 1-0: Called Strike 1-1: Called Strike 1-2: Foul Ball, location: 2F 1-2: Fielders Choice at 2nd, 6-4 (Groundball, 6MS, EV 83.1 MPH) C.J. Sagle scores Jody Hudson to third
|
Batting: RHB Trevor Mock
|
0-0: DOUBLE (Line Drive, 9LM, EV 95.6 MPH) Jody Hudson scores Josh Stuck to third Runner from 3rd tries for Home, SAFE, throw by RF to trailing runner, SAFE at third!
|
Batting: RHB Mike Quackenbush
|
0-0: Swinging Strike 0-1: Foul Ball, location: 2F 0-2: Ball 1-2: Foul Ball, location: 2F 1-2: Fly out, F9 (Flyball, 9, EV 82.5 MPH)
|
Top of the 4th over - 8 runs, 6 hits, 2 errors, 1 left on base; Round Rock 8 - Durham 0 |
BOTTOM OF THE 4TH |
Durham Bulls batting - Pitching for Round Rock Express : RHP Andy Zecher
|
Batting: RHB Jonathan Fraire
|
0-0: Called Strike 0-1: Foul Ball, location: 2F 0-2: Ball 1-2: Ball 2-2: Ball 3-2: Base on Balls
|
Batting: SHB Joey Pacheco
|
0-0: Ball Jonathan Fraire is caught stealing 2nd base 2-6 1-0: Foul Ball, location: 2F 1-1: Called Strike 1-2: Ball 2-2: Ball 3-2: Fly out, F5 (Popup, 5F, EV 61.2 MPH)
|
Batting: RHB David Ward
|
0-0: SINGLE (Groundball, 4MD, EV 96.2 MPH)
|
Batting: RHB Alex Diaz
|
0-0: Called Strike 0-1: Called Strike 0-2: Fly out, F7 (Flyball, 7S, EV 83.1 MPH)
|
Bottom of the 4th over - 0 runs, 1 hit, 0 errors, 1 left on base; Round Rock 8 - Durham 0 |
TOP OF THE 5TH |
Round Rock Express batting - Pitching for Durham Bulls : RHP Josh McMahan
|
Batting: RHB Martin Guerrero
|
0-0: Ball 1-0: Called Strike 1-1: Ball 2-1: Ground out 5-3 (Groundball, 56, EV 89.4 MPH)
|
Batting: RHB Ivan Colon
|
0-0: Fly out, F2 (Popup, 23F, EV 93.8 MPH)
|
Batting: RHB C.J. Sagle
|
0-0: Called Strike 0-1: Foul Ball, location: 2F 0-2: Ball 1-2: Strikes out swinging
|
Top of the 5th over - 0 runs, 0 hits, 0 errors, 0 left on base; Round Rock 8 - Durham 0 |
BOTTOM OF THE 5TH |
Durham Bulls batting - Pitching for Round Rock Express : RHP Andy Zecher
|
Batting: LHB Davion Lewis
|
0-0: Called Strike 0-1: Ground out 4-3 (Groundball, 4, EV 78.8 MPH)
|
Batting: RHB Danny Diaz
|
0-0: Ball 1-0: Swinging Strike 1-1: Fly out, F8 (Flyball, 78D, EV 78.1 MPH)
|
Batting: LHB Jake Rheaume
|
0-0: Ball 1-0: Ball 2-0: Ball 3-0: Base on Balls
|
Batting: RHB Jose Arriola
|
0-0: Ball 1-0: Ball 2-0: Called Strike 2-1: Fly out, F9 (Line Drive, 9, EV 110.0 MPH)
|
Bottom of the 5th over - 0 runs, 0 hits, 0 errors, 1 left on base; Round Rock 8 - Durham 0 |
TOP OF THE 6TH |
Round Rock Express batting - Pitching for Durham Bulls : RHP Josh McMahan
|
Batting: RHB Luis Arce
|
0-0: Fly out, F7 (Flyball, 7S, EV 86.9 MPH)
|
Batting: LHB Jody Hudson
|
0-0: Called Strike 0-1: Ground out 6-3 (Groundball, 6, EV 83.8 MPH)
|
Batting: RHB Bill Turnbull
|
0-0: Ball 1-0: Foul Ball, location: 2F 1-1: Fly out, F8 (Flyball, 8LM, EV 91.9 MPH)
|
Top of the 6th over - 0 runs, 0 hits, 0 errors, 0 left on base; Round Rock 8 - Durham 0 |
BOTTOM OF THE 6TH |
Durham Bulls batting - Pitching for Round Rock Express : RHP Andy Zecher
|
Batting: RHB Sesto Carpini
|
0-0: Ball 1-0: Called Strike 1-1: Ball 2-1: Ball 3-1: Base on Balls
|
Batting: RHB Jonathan Fraire
|
0-0: Ball 1-0: Fly out, F7 (Line Drive, 7S, EV 96.2 MPH)
|
Batting: SHB Joey Pacheco
|
0-0: Foul Ball, location: 2F 0-1: Called Strike 0-2: Ball 1-2: Ball 2-2: DOUBLE (Line Drive, 9LS, EV 91.9 MPH) Sesto Carpini to third
|
Batting: RHB David Ward
|
0-0: SINGLE (Groundball, 56D, EV 103.1 MPH) (infield hit) Sesto Carpini scores Joey Pacheco to third
|
Batting: RHB Alex Diaz
|
0-0: Foul Ball, location: 2F 0-1: Ground out 5-3 (Groundball, 5D, EV 101.2 MPH) Joey Pacheco scores David Ward to second
|
Batting: LHB Davion Lewis
|
0-0: Ground out 4-3 (Groundball, 4, EV 98.8 MPH)
|
Bottom of the 6th over - 2 runs, 2 hits, 0 errors, 1 left on base; Round Rock 8 - Durham 2 |
TOP OF THE 7TH |
Round Rock Express batting - Pitching for Durham Bulls : RHP Josh McMahan
|
Batting: LHB Josh Stuck
|
0-0: Ball 1-0: Called Strike 1-1: Fly out, F1 (Line Drive, P, EV 68.8 MPH)
|
Batting: RHB Trevor Mock
|
0-0: SINGLE (Groundball, 4S, EV 68.8 MPH) (infield hit)
|
Pitching: RHP Luis Cubero
|
|
Batting: RHB Mike Quackenbush
|
0-0: SINGLE (Groundball, 6MD, EV 98.1 MPH) Trevor Mock to second Runner from 2nd tries for 3rd, SAFE, throw by CF made to third
|
Batting: RHB Martin Guerrero
|
0-0: Ball 1-0: Ball 2-0: Called Strike 2-1: Foul Ball, location: 2F 2-2: Foul Ball, location: 2F 2-2: Ball 3-2: Base on Balls Mike Quackenbush to second
|
Batting: RHB Ivan Colon
|
0-0: Called Strike 0-1: Ball 1-1: Foul Ball, location: 2F 1-2: Ball 2-2: Fly out, F7 (Line Drive, 7, EV 88.8 MPH)
|
Batting: RHB C.J. Sagle
|
0-0: Called Strike 0-1: Ball 1-1: Called Strike 1-2: Foul Ball, location: 2F 1-2: Foul Ball, location: 2F 1-2: Foul Ball, location: 2F 1-2: Ball 2-2: Ball 3-2: Base on Balls Trevor Mock scores Mike Quackenbush to third Martin Guerrero to second
|
Batting: RHB Luis Arce
|
0-0: Called Strike 0-1: Ball 1-1: Fielders Choice at 2nd, 6-4 (Groundball, 6, EV 101.9 MPH)
|
Top of the 7th over - 1 run, 2 hits, 0 errors, 3 left on base; Round Rock 9 - Durham 2 |
BOTTOM OF THE 7TH |
Durham Bulls batting - Pitching for Round Rock Express : RHP Andy Zecher
|
Batting: RHB Danny Diaz
|
0-0: Foul Ball, location: 2F 0-1: Ball 1-1: Ball 2-1: Called Strike 2-2: Strikes out swinging
|
Batting: LHB Jake Rheaume
|
0-0: Ball 1-0: Ball 2-0: Called Strike 2-1: SINGLE (Groundball, 6S, EV 70.6 MPH) (infield hit)
|
Batting: RHB Jose Arriola
|
0-0: Ball 1-0: Swinging Strike 1-1: SINGLE (Groundball, 25, EV 76.9 MPH) (infield hit) Jake Rheaume to second
|
Batting: RHB Sesto Carpini
|
0-0: Ball 1-0: Foul Ball, location: 2F 1-1: Swinging Strike 1-2: Foul Ball, location: 2F 1-2: Foul Ball, location: 2F 1-2: Ball 2-2: Foul Ball, location: 2F 2-2: Ball 3-2: Foul Ball, location: 2F 3-2: Base on Balls Jake Rheaume to third Jose Arriola to second
|
Batting: RHB Jonathan Fraire
|
0-0: Swinging Strike 0-1: Called Strike 0-2: Strikes out swinging
|
Pitching: RHP Aaron Munt
|
|
Batting: SHB Joey Pacheco
|
0-0: Called Strike 0-1: Foul Ball, location: 2F 0-2: Ball 1-2: Foul Ball, location: 2F 1-2: Foul Ball, location: 2F 1-2: Ball 2-2: Strikes out swinging
|
Bottom of the 7th over - 0 runs, 2 hits, 0 errors, 3 left on base; Round Rock 9 - Durham 2 |
TOP OF THE 8TH |
Round Rock Express batting - Pitching for Durham Bulls : RHP Luis Cubero
|
Batting: LHB Jody Hudson
|
0-0: Foul Ball, location: 2F 0-1: Ball 1-1: Foul Ball, location: 2F 1-2: Ball 2-2: Foul Ball, location: 2F 2-2: Strikes out swinging
|
Pitching: LHP Parker Martinet
|
|
Batting: RHB Bill Turnbull
|
0-0: Foul Ball, location: 2F 0-1: Swinging Strike 0-2: Ball 1-2: Strikes out looking
|
Batting: LHB Josh Stuck
|
0-0: Fly out, F9 (Flyball, 9D, EV 95.6 MPH)
|
Top of the 8th over - 0 runs, 0 hits, 0 errors, 0 left on base; Round Rock 9 - Durham 2 |
BOTTOM OF THE 8TH |
Durham Bulls batting - Pitching for Round Rock Express : RHP Aaron Munt
|
Batting: RHB David Ward
|
0-0: SINGLE (Groundball, 56D, EV 105.0 MPH) (infield hit)
|
Batting: RHB Alex Diaz
|
0-0: Ball 1-0: Ball 2-0: Ball 3-0: Base on Balls David Ward to second
|
Batting: LHB Davion Lewis
|
0-0: SINGLE (Line Drive, 5D, EV 95.6 MPH) David Ward to third Alex Diaz to second Runner from 3rd tries for Home, SAFE, throw by LF to home
|
Pinch Hitting: SHB Brett McEwen
|
0-0: Ball 1-0: Fielders Choice at 2nd, U6 (Groundball, 4M, EV 78.8 MPH) Alex Diaz to third
|
Batting: LHB Jake Rheaume
|
0-0: Ball 1-0: Ball 2-0: Ball 3-0: Base on Balls Brett McEwen to second
|
Batting: RHB Jose Arriola
|
0-0: Ball 1-0: Foul Ball, location: 2F 1-1: Grounds into double play, 6-4-3 (Groundball, 6, EV 105.6 MPH)
|
Bottom of the 8th over - 1 run, 2 hits, 0 errors, 2 left on base; Round Rock 9 - Durham 3 |
TOP OF THE 9TH |
Round Rock Express batting - Pitching for Durham Bulls : LHP Parker Martinet
|
Now at 3B: Paul Landes
|
|
Batting: RHB Trevor Mock
|
0-0: Ball 1-0: Called Strike 1-1: Foul Ball, location: 2F 1-2: Strikes out swinging
|
Batting: RHB Mike Quackenbush
|
0-0: Called Strike 0-1: Foul Ball, location: 2F 0-2: Strikes out swinging
|
Batting: RHB Martin Guerrero
|
0-0: Ball 1-0: Foul Ball, location: 2F 1-1: Ball 2-1: Ball 3-1: Foul Ball, location: 2F 3-2: Base on Balls
|
Batting: RHB Ivan Colon
|
0-0: Ball 1-0: Foul Ball, location: 2F 1-1: Ball 2-1: SINGLE (Groundball, 6D, EV 103.8 MPH) Martin Guerrero to second
|
Batting: RHB C.J. Sagle
|
0-0: Foul Ball, location: 2F 0-1: Ball 1-1: Called Strike 1-2: Foul Ball, location: 2F 1-2: Fielders Choice at 2nd, 5-4 (Groundball, 56, EV 87.5 MPH)
|
Top of the 9th over - 0 runs, 1 hit, 0 errors, 2 left on base; Round Rock 9 - Durham 3 |
BOTTOM OF THE 9TH |
Durham Bulls batting - Pitching for Round Rock Express : RHP Aaron Munt
|
Batting: RHB Sesto Carpini
|
0-0: Called Strike 0-1: Foul Ball, location: 2F 0-2: Foul Ball, location: 2F 0-2: SINGLE (Groundball, 56D, EV 101.2 MPH)
|
Pitching: RHP Victor Nunez
|
|
Batting: RHB Jonathan Fraire
|
0-0: SINGLE (Line Drive, 89S, EV 90.0 MPH) Sesto Carpini to second
|
Batting: SHB Joey Pacheco
|
0-0: Ball 1-0: Ball 2-0: Ball 3-0: Called Strike 3-1: Foul Ball, location: 2F 3-2: Foul Ball, location: 2F 3-2: Base on Balls Sesto Carpini to third Jonathan Fraire to second
|
Batting: RHB David Ward
|
0-0: Called Strike 0-1: Ball 1-1: Grounds into double play, 6-4-3 (Groundball, 6D, EV 103.8 MPH) Sesto Carpini scores Jonathan Fraire to third
|
Batting: RHB Alex Diaz
|
0-0: Called Strike 0-1: Swinging Strike 0-2: Ball 1-2: Ball 2-2: Foul Ball, location: 2F 2-2: SINGLE (Groundball, 5S, EV 66.9 MPH) (infield hit) Jonathan Fraire scores
|
Batting: LHB Davion Lewis
|
0-0: Ball 1-0: Fly out, F8 (Flyball, 8RD, EV 88.8 MPH)
|
Bottom of the 9th over - 2 runs, 3 hits, 0 errors, 1 left on base; Round Rock 9 - Durham 5 |
|